 Dungeon Crawl Stone Soup version 0.30-a0-651-g0755cc6dcf (webtiles) character file.

Game seed: 9802609256418837833

66 Chromium the Trooper (level 4, -2/44 HPs)
             Began as a Hill Orc Fighter on Jan 17, 2023.
             Slain by an ogre
             ... wielding a +0 giant club
              (10 damage)
             ... on level 2 of the Dungeon.
             The game lasted 00:04:30 (1359 turns).

Chromium the Trooper (Hill Orc Fighter)             Turns: 1359, Time: 00:04:31

Health: -2/44      AC:  6    Str: 20    XL:     4   Next: 15%
Magic:  4/4        EV:  9    Int:  8    God:
Gold:   104        SH:  4    Dex: 10    Spells: 3/3 levels left

rFire   . . .      SeeInvis +    a - +0 war axe
rCold   . . .      Faith    .    c - +0 buckler
rNeg    . . .      Spirit   .    b - +0 scale mail
rPois   .          Reflect  .    (no helmet)
rElec   .          Harm     .    (no cloak)
rCorr   .          Rampage  .    (no gloves)
Will    .....                    (no boots) Stlth
                                 (no amulet)
HPRegen 0.27/turn                p - ring of see invisible
MPRegen 0.09/turn                (no ring)

@: no status effects
A: no striking features
a: no special abilities


You were on level 2 of the Dungeon.
You visited 1 branch of the dungeon, and saw 2 of its levels.

You collected 104 gold pieces.

Inventory:

Hand Weapons
 a - a +0 war axe (weapon)
Missiles
 h - 13 stones (quivered)
Armour
 b - a +0 scale mail (worn)
 c - a +0 buckler (worn)
Jewellery
 p - a ring of see invisible (left hand)
 q - an amulet of guardian spirit
Wands
 n - a wand of flame (20)
Scrolls
 f - 3 scrolls of identify {unknown}
 g - a scroll of enchant weapon {unknown}
 j - a scroll of fog {unknown}
 k - a scroll of immolation {unknown}
Potions
 d - 2 potions of might
 e - a potion of invisibility {unknown}
 i - a potion of degeneration {unknown}
 l - a potion of curing {unknown}
 m - a potion of resistance {unknown}
 o - a potion of cancellation {unknown}


   Skills:
 + Level 5.6 Fighting
 - Level 2.6 Axes
 - Level 3.2 Armour
 + Level 0.7 Dodging
 + Level 0.2 Stealth
 - Level 3.2 Shields


You had 3 spell levels left.
You didn't know any spells.
Your spell library was empty.

Dungeon Overview and Level Annotations

Branches:
Dungeon (2/15)

Altars:
Cheibriados

Shops:
D:1 :   D:2 [


Message History

You see here a hobgoblin corpse.
You open the door.
A hobgoblin and a goblin come into view.
The hobgoblin shouts!
The goblin shouts!
An ogre comes into view. It is wielding a +0 giant club.
The goblin unwields a +0 dagger.
The goblin wields a +0 sling.
The goblin shoots a sling bullet.
The sling bullet hits you but does no damage.
A hobgoblin comes into view.
The ogre shouts!
You hear an angry hiss.
Found a scroll labelled WUORIOFRAFE, 17 gold pieces and a cloak.
The hobgoblin shouts!
An adder comes into view.
You slash the hobgoblin!
You kill the hobgoblin!
You slash the hobgoblin!
You kill the hobgoblin!
The goblin unwields a +0 sling.
The goblin wields a +0 dagger.
The goblin hits you but does no damage.
You barely miss the goblin. The goblin hits you with a +0 dagger.
You closely miss the goblin. The goblin hits you but does no damage.
You barely miss the goblin. The goblin closely misses you.
You block the goblin's attack.
You closely miss the goblin. The goblin closely misses you.
You hit the goblin.
The goblin is moderately wounded.
The goblin hits you but does no damage.
You slash the goblin!
You kill the goblin!
The adder misses you.
You have reached level 4!
You slash the adder!
You kill the adder!
The ogre hits you with a +0 giant club!!
Ouch! That really hurt!
* * * LOW HITPOINT WARNING * * *
You slash the ogre!
The ogre is moderately wounded.
The ogre hits you with a +0 giant club!
You die...

### #.. ##..
######.. #...##.#
#.#.##.# #.#...@#
#...#O## #..##.
#..#?. #..#$.
#..##[ ###
#...####.#
#....†...##
##...###..#####.#


You could see an ogre.

Vanquished Creatures
  An adder (D:2)
  A worm (D:2)
  A dart slug (D:2)
  6 ball pythons
  3 endoplasms
  4 giant cockroaches
  5 goblins
  6 hobgoblins
  2 jackals (D:1)
  2 kobolds (D:1)
  2 quokkas
  6 bats
  2 frilled lizards
  6 rats
47 creatures vanquished.

Notes
Turn   | Place    | Note
-------+----------+-------------------------------------------
     0 | D:1      | Chromium the Hill Orc Fighter began the quest for the Orb.
     0 | D:1      | Reached XP level 1. HP: 19/19 MP: 1/1
   160 | D:1      | Reached skill level 4 in Fighting
   249 | D:1      | Reached XP level 2. HP: 27/27 MP: 2/2
   461 | D:1      | Reached XP level 3. HP: 29/35 MP: 3/3
   519 | D:1      | Reached skill level 5 in Fighting
   746 | D:1      | Found Hebustre's Book Emporium.
   912 | D:2      | Found Cutikkoph's Antique Armour Shoppe.
   981 | D:2      | Found a snail-covered altar of Cheibriados.
  1348 | D:2      | Noticed an ogre
  1358 | D:2      | Reached XP level 4. HP: 42/42 MP: 4/4
  1359 | D:2      | Slain by an ogre

Illustrated notes

Levels and vault maps discovered:
D:1:      dpeg_arrival_triangle_fractal, layout_loops_ring, serial_shops,
          nicolae_lakefront_shop
D:2:      layout_loops_ring, basic_altar, serial_shops, nicolae_shop_trees,
          hangedman_decor_slide_cut, minmay_joined_circles

Skill      XL: |  1  2  3 |
---------------+----------+-----
Fighting       | 4 5 |  5.6
Axes           | |  2.6
Armour         | |  3.2
Dodging        | |  0.7
Stealth        | |  0.2
Shields        | |  3.2

Action                   |  1- 3 |  4- 6 || total
-------------------------+-------+-------++-------
Melee: War axe           |   112 |     2 ||   114
Armor: Scale mail        |    58 |       ||    58
Dodge: Dodged            |    56 |       ||    56
Block: Buckler           |    28 |       ||    28

Table legend: (Time is in decaauts)
 A = Elapsed time spent in this place.
 B = Non-inter-level travel time spent in this place.
 C = Inter-level travel time spent in this place.
 D = Time resting spent in this place.
 E = Time spent auto-exploring this place.
 F = Levels seen in this place.
 G = Mean time per level.
                   A        B        C        D        E       F      G
               +--------+--------+--------+--------+--------+-----+--------+
         Total |   1420 |   1058 |    362 |      0 |    732 |   2 |  710.0 |
       Dungeon |   1420 |   1058 |    362 |      0 |    732 |   2 |  710.0 |
               +--------+--------+--------+--------+--------+-----+--------+

Top non-repeatable levels by time:
     D:1: 935 daAuts
     D:2: 484 daAuts
